TOP OF THE 1ST |
Wisconsin Timber Rattlers batting - Pitching for West Virginia Power : RHP Pete Griesser
|
Pitching: RHP Pete Griesser
|
|
Batting: RHB Jose Cerritos
|
0-0: Ground out 1-3 (Groundball, 15S, EV 73.8 MPH)
|
Batting: RHB Xiao-shuang Au
|
0-0: Foul Ball, location: 2F 0-1: Called Strike 0-2: Strikes out swinging
|
Batting: LHB Karel Hort
|
0-0: Ball 1-0: Called Strike 1-1: Foul Ball, location: 2F 1-2: Strikes out looking
|
Top of the 1st over - 0 runs, 0 hits, 0 errors, 0 left on base; Wisconsin 0 - West Virginia 0 |
BOTTOM OF THE 1ST |
West Virginia Power batting - Pitching for Wisconsin Timber Rattlers : LHP Billy Rojas
|
Pitching: LHP Billy Rojas
|
|
Batting: RHB Ryan LeSueur
|
0-0: Ball 1-0: Fly out, F4 (Popup, 34D, EV 51.2 MPH)
|
Batting: RHB Randy Bergman
|
0-0: Called Strike 0-1: Swinging Strike 0-2: Strikes out looking
|
Batting: RHB Hidesuke Yoshida
|
0-0: Ball 1-0: Ball 2-0: Swinging Strike 2-1: Swinging Strike 2-2: Ball 3-2: Foul Ball, location: 2F 3-2: Strikes out swinging
|
Bottom of the 1st over - 0 runs, 0 hits, 0 errors, 0 left on base; Wisconsin 0 - West Virginia 0 |
TOP OF THE 2ND |
Wisconsin Timber Rattlers batting - Pitching for West Virginia Power : RHP Pete Griesser
|
Batting: RHB Curtis Montgomery
|
0-0: Ball 1-0: Swinging Strike 1-1: Foul Ball, location: 2F 1-2: Ball 2-2: Fly out, F8 (Flyball, 8RM, EV 88.1 MPH)
|
Batting: LHB John Fortin
|
0-0: Foul Ball, location: 2F 0-1: Fly out, F7 (Line Drive, 7, EV 88.8 MPH)
|
Batting: RHB Tony Beaumond
|
0-0: Called Strike 0-1: Ground out 5-3 (Groundball, 5, EV 86.2 MPH)
|
Top of the 2nd over - 0 runs, 0 hits, 0 errors, 0 left on base; Wisconsin 0 - West Virginia 0 |
BOTTOM OF THE 2ND |
West Virginia Power batting - Pitching for Wisconsin Timber Rattlers : LHP Billy Rojas
|
Batting: RHB Rusty Trader
|
0-0: Ball 1-0: DOUBLE (Line Drive, 8RXD, EV 104.4 MPH)
|
Batting: RHB Gary Ming
|
0-0: Called Strike 0-1: Ground out 4-3 (Groundball, 4M, EV 105.6 MPH) Rusty Trader to third
|
Batting: RHB Jaime Dubicki
|
0-0: Called Strike 0-1: Foul Ball, location: 2F 0-2: Ball 1-2: Strikes out swinging
|
Batting: RHB Herbert Loveless
|
0-0: Called Strike 0-1: Swinging Strike 0-2: DOUBLE (Line Drive, 78D, EV 106.2 MPH) Rusty Trader scores
|
Batting: LHB Dustin Herman
|
0-0: Foul Ball, location: 2F 0-1: Ball 1-1: Foul Ball, location: 2F 1-2: Ball 2-2: Ball 3-2: Ground out 4-3 (Groundball, 4, EV 81.9 MPH)
|
Bottom of the 2nd over - 1 run, 2 hits, 0 errors, 1 left on base; Wisconsin 0 - West Virginia 1 |
TOP OF THE 3RD |
Wisconsin Timber Rattlers batting - Pitching for West Virginia Power : RHP Pete Griesser
|
Batting: RHB Dan Allred
|
0-0: Swinging Strike 0-1: Ground out 6-3 (Groundball, 6, EV 86.9 MPH)
|
Batting: SHB Robert Sayer
|
0-0: Ground out U3 (Groundball, 3L, EV 103.1 MPH)
|
Batting: RHB Chris Fruit
|
0-0: Ball 1-0: Ball 2-0: Called Strike 2-1: Swinging Strike 2-2: Strikes out swinging
|
Top of the 3rd over - 0 runs, 0 hits, 0 errors, 0 left on base; Wisconsin 0 - West Virginia 1 |
BOTTOM OF THE 3RD |
West Virginia Power batting - Pitching for Wisconsin Timber Rattlers : LHP Billy Rojas
|
Batting: RHB Hugo Montemayor
|
0-0: Ground out 5-3 (Groundball, 56S, EV 83.8 MPH)
|
Batting: RHB Ryan LeSueur
|
0-0: SINGLE (Groundball, 6MD, EV 95.0 MPH)
|
Batting: RHB Randy Bergman
|
0-0: Called Strike 0-1: Swinging Strike 0-2: Strikes out swinging
|
Batting: RHB Hidesuke Yoshida
|
0-0: Ball 1-0: Fly out, F7 (Flyball, 7LM, EV 86.9 MPH)
|
Bottom of the 3rd over - 0 runs, 1 hit, 0 errors, 1 left on base; Wisconsin 0 - West Virginia 1 |
TOP OF THE 4TH |
Wisconsin Timber Rattlers batting - Pitching for West Virginia Power : RHP Pete Griesser
|
Batting: RHB Jose Cerritos
|
0-0: Fly out, F7 (Flyball, 78M, EV 79.4 MPH)
|
Batting: RHB Xiao-shuang Au
|
0-0: Called Strike 0-1: Called Strike 0-2: Ball 1-2: Strikes out swinging
|
Batting: LHB Karel Hort
|
0-0: Ball 1-0: Foul Ball, location: 2F 1-1: Ball 2-1: Foul Ball, location: 2F 2-2: Foul Ball, location: 2F 2-2: Fly out, F8 (Line Drive, 8RD, EV 84.4 MPH)
|
Top of the 4th over - 0 runs, 0 hits, 0 errors, 0 left on base; Wisconsin 0 - West Virginia 1 |
BOTTOM OF THE 4TH |
West Virginia Power batting - Pitching for Wisconsin Timber Rattlers : LHP Billy Rojas
|
Batting: RHB Rusty Trader
|
0-0: Ball 1-0: Ground out 1-3 (Groundball, P, EV 66.9 MPH)
|
Batting: RHB Gary Ming
|
0-0: Ball 1-0: Foul Ball, location: 2F 1-1: Hit by Pitch
|
Batting: RHB Jaime Dubicki
|
0-0: Ball 1-0: Called Strike 1-1: Foul Ball, location: 2F 1-2: Strikes out swinging
|
Batting: RHB Herbert Loveless
|
0-0: Foul Ball, location: 2F 0-1: Called Strike 0-2: Foul Ball, location: 2F 0-2: Ball 1-2: Ball 2-2: Ground out 4-3 (Groundball, 34, EV 83.8 MPH)
|
Bottom of the 4th over - 0 runs, 0 hits, 0 errors, 1 left on base; Wisconsin 0 - West Virginia 1 |
TOP OF THE 5TH |
Wisconsin Timber Rattlers batting - Pitching for West Virginia Power : RHP Pete Griesser
|
Batting: RHB Curtis Montgomery
|
0-0: Ground out U3 (Groundball, 34, EV 92.5 MPH)
|
Pitching: LHP Hugo Aquino
|
|
Batting: LHB John Fortin
|
0-0: Called Strike 0-1: Ball 1-1: Swinging Strike 1-2: Strikes out swinging
|
Batting: RHB Tony Beaumond
|
0-0: Called Strike 0-1: Foul Ball, location: 2F 0-2: Ball 1-2: Foul Ball, location: 2F 1-2: Strikes out swinging
|
Top of the 5th over - 0 runs, 0 hits, 0 errors, 0 left on base; Wisconsin 0 - West Virginia 1 |
BOTTOM OF THE 5TH |
West Virginia Power batting - Pitching for Wisconsin Timber Rattlers : LHP Billy Rojas
|
Batting: LHB Dustin Herman
|
0-0: Foul Ball, location: 2F 0-1: Foul Ball, location: 2F 0-2: SINGLE (Groundball, 4MD, EV 106.9 MPH)
|
Batting: RHB Hugo Montemayor
|
0-0: Called Strike 0-1: Swinging Strike 0-2: Ball 1-2: Strikes out looking
|
Batting: RHB Ryan LeSueur
|
0-0: Called Strike 0-1: Grounds into double play, 4-6-3 (Groundball, 4, EV 110.6 MPH)
|
Bottom of the 5th over - 0 runs, 1 hit, 0 errors, 0 left on base; Wisconsin 0 - West Virginia 1 |
TOP OF THE 6TH |
Wisconsin Timber Rattlers batting - Pitching for West Virginia Power : LHP Hugo Aquino
|
Batting: RHB Dan Allred
|
0-0: Called Strike 0-1: Ball 1-1: Ball 2-1: Foul Ball, location: 2F 2-2: Foul Ball, location: 2F 2-2: SOLO HOME RUN (Flyball, 7LD, EV 98.8 MPH), Distance : 359 ft
|
Batting: SHB Robert Sayer
|
0-0: Ball 1-0: Ball 2-0: Foul Ball, location: 2F 2-1: Bunt missed! 2-2: Foul Ball, location: 2F 2-2: Strikes out swinging
|
Batting: RHB Chris Fruit
|
0-0: Ball 1-0: Called Strike 1-1: Foul Ball, location: 2F 1-2: Ground out U3 (Groundball, 3, EV 89.4 MPH)
|
Batting: RHB Jose Cerritos
|
0-0: Ground out 5-3 (Groundball, 56, EV 94.4 MPH)
|
Top of the 6th over - 1 run, 1 hit, 0 errors, 0 left on base; Wisconsin 1 - West Virginia 1 |
BOTTOM OF THE 6TH |
West Virginia Power batting - Pitching for Wisconsin Timber Rattlers : LHP Billy Rojas
|
Batting: RHB Randy Bergman
|
0-0: Ball 1-0: Ball 2-0: Foul Ball, location: 2F 2-1: Foul Ball, location: 2F 2-2: Foul Ball, location: 2F 2-2: Strikes out swinging
|
Batting: RHB Hidesuke Yoshida
|
0-0: Called Strike 0-1: Foul Ball, location: 2F 0-2: Ball 1-2: Strikes out swinging
|
Batting: RHB Rusty Trader
|
0-0: Called Strike 0-1: Ball 1-1: Ball 2-1: Ground out 6-3 (Groundball, 6M, EV 85.6 MPH)
|
Bottom of the 6th over - 0 runs, 0 hits, 0 errors, 0 left on base; Wisconsin 1 - West Virginia 1 |
TOP OF THE 7TH |
Wisconsin Timber Rattlers batting - Pitching for West Virginia Power : LHP Hugo Aquino
|
Pitching: RHP Ian Ferrara
|
|
Batting: RHB Xiao-shuang Au
|
0-0: Called Strike 0-1: Ball 1-1: Called Strike 1-2: Foul Ball, location: 2F 1-2: Ball 2-2: Strikes out swinging
|
Batting: LHB Karel Hort
|
0-0: Called Strike 0-1: Called Strike 0-2: Ball 1-2: Ball 2-2: Strikes out swinging
|
Batting: RHB Curtis Montgomery
|
0-0: Ball 1-0: Ball 2-0: Ball 3-0: Called Strike 3-1: Ground out 5-3 (Groundball, 5, EV 101.2 MPH)
|
Top of the 7th over - 0 runs, 0 hits, 0 errors, 0 left on base; Wisconsin 1 - West Virginia 1 |
BOTTOM OF THE 7TH |
West Virginia Power batting - Pitching for Wisconsin Timber Rattlers : LHP Billy Rojas
|
Batting: RHB Gary Ming
|
0-0: Ball 1-0: Ball 2-0: Ball 3-0: Called Strike 3-1: Swinging Strike 3-2: Strikes out swinging
|
Batting: RHB Jaime Dubicki
|
0-0: Ball 1-0: Foul Ball, location: 2F 1-1: Foul Ball, location: 2F 1-2: Ball 2-2: Foul Ball, location: 2F 2-2: Ball 3-2: Ground out 6-3 (Groundball, 6, EV 83.1 MPH)
|
Batting: RHB Herbert Loveless
|
0-0: Ball 1-0: Called Strike 1-1: Ball 2-1: Foul Ball, location: 2F 2-2: SINGLE (Groundball, P, EV 87.5 MPH) (infield hit)
|
Batting: LHB Dustin Herman
|
0-0: Ball 1-0: Ball 2-0: Called Strike 2-1: Called Strike 2-2: Ball 3-2: Strikes out looking
|
Bottom of the 7th over - 0 runs, 1 hit, 0 errors, 1 left on base; Wisconsin 1 - West Virginia 1 |
TOP OF THE 8TH |
Wisconsin Timber Rattlers batting - Pitching for West Virginia Power : RHP Ian Ferrara
|
Pitching: LHP Dustin Waller
|
|
Batting: LHB John Fortin
|
0-0: SINGLE (Line Drive, 4MD, EV 95.6 MPH)
|
Pitching: LHP Norm Silveira-Wray
|
|
Batting: RHB Tony Beaumond
|
0-0: Fly out, F9 (Flyball, 9LD, EV 85.6 MPH)
|
Batting: RHB Dan Allred
|
0-0: SINGLE (Groundball, 34S, EV 68.8 MPH) (infield hit) John Fortin to second
|
Batting: SHB Robert Sayer
|
0-0: Called Strike 0-1: Fielders Choice at 2nd, 4-6 (Groundball, 34, EV 95.6 MPH) John Fortin to third
|
Batting: RHB Chris Fruit
|
0-0: Swinging Strike 0-1: Swinging Strike 0-2: Strikes out swinging
|
Top of the 8th over - 0 runs, 2 hits, 0 errors, 2 left on base; Wisconsin 1 - West Virginia 1 |
BOTTOM OF THE 8TH |
West Virginia Power batting - Pitching for Wisconsin Timber Rattlers : LHP Billy Rojas
|
Batting: RHB Hugo Montemayor
|
0-0: Ground out 6-3 (Groundball, 6, EV 78.8 MPH)
|
Pitching: RHP Cesar Pulido
|
|
Batting: RHB Ryan LeSueur
|
0-0: Called Strike 0-1: Ball 1-1: Foul Ball, location: 2F 1-2: Strikes out swinging
|
Batting: RHB Randy Bergman
|
0-0: Foul Ball, location: 2F 0-1: Ball 1-1: Ground out 4-3 (Groundball, 4M, EV 85.0 MPH)
|
Bottom of the 8th over - 0 runs, 0 hits, 0 errors, 0 left on base; Wisconsin 1 - West Virginia 1 |
TOP OF THE 9TH |
Wisconsin Timber Rattlers batting - Pitching for West Virginia Power : LHP Norm Silveira-Wray
|
Batting: RHB Jose Cerritos
|
0-0: Ball 1-0: Swinging Strike 1-1: Swinging Strike 1-2: Ball 2-2: Strikes out looking
|
Batting: RHB Xiao-shuang Au
|
0-0: Called Strike 0-1: Ball 1-1: Ball 2-1: Called Strike 2-2: Ball 3-2: Ground out 6-3 (Groundball, 56, EV 86.2 MPH)
|
Batting: LHB Karel Hort
|
0-0: Ball 1-0: Called Strike 1-1: Foul Ball, location: 2F 1-2: Foul Ball, location: 2F 1-2: Foul Ball, location: 2F 1-2: SOLO HOME RUN (Line Drive, 89XD, EV 103.8 MPH), Distance : 426 ft
|
Batting: RHB Curtis Montgomery
|
0-0: Called Strike 0-1: Swinging Strike 0-2: Ball 1-2: Ball 2-2: SINGLE (Groundball, 6MD, EV 95.6 MPH)
|
Batting: LHB John Fortin
|
0-0: Ball 1-0: Ball 2-0: SINGLE (Groundball, 34D, EV 96.2 MPH) (infield hit) Curtis Montgomery to second
|
Batting: RHB Tony Beaumond
|
0-0: Called Strike 0-1: DOUBLE (Line Drive, 78D, EV 113.8 MPH) Curtis Montgomery scores John Fortin to third Runner from 3rd tries for Home, SAFE, throw by CF to home
|
Pitching: LHP Mario Arango
|
|
Batting: RHB Dan Allred
|
0-0: Called Strike 0-1: Ball 1-1: Swinging Strike 1-2: Ball Wild Pitch! Tony Beaumond to third 2-2: Ball 3-2: Base on Balls
|
Batting: SHB Robert Sayer
|
0-0: Called Strike 0-1: Fly out, F9 (Flyball, 89D, EV 103.1 MPH)
|
Top of the 9th over - 3 runs, 4 hits, 0 errors, 2 left on base; Wisconsin 4 - West Virginia 1 |
BOTTOM OF THE 9TH |
West Virginia Power batting - Pitching for Wisconsin Timber Rattlers : RHP Cesar Pulido
|
Pitching: RHP Ernie Borden
|
|
Batting: RHB Hidesuke Yoshida
|
0-0: Foul Ball, location: 2F 0-1: Ball 1-1: Called Strike 1-2: SINGLE (Groundball, 6D, EV 106.2 MPH)
|
Batting: RHB Rusty Trader
|
0-0: Swinging Strike 0-1: Grounds into double play, 6-4-3 (Groundball, 6S, EV 93.8 MPH)
|
Batting: RHB Gary Ming
|
0-0: Called Strike 0-1: Foul Ball, location: 2F 0-2: Ball 1-2: Ball 2-2: Ground out 6-3 (Groundball, 6, EV 86.2 MPH)
|
Bottom of the 9th over - 0 runs, 1 hit, 0 errors, 0 left on base; Wisconsin 4 - West Virginia 1 |
|